 Dungeon Crawl Stone Soup version 0.29.0-4-gdea44cf6ec (webtiles) character file.

Game seed: 5880481725950104554

683 qw the Cleaver (level 7, -8/41 HPs)
             Began as a Tengu Warper on Aug 28, 2022.
             Was an Initiate of Okawaru.
             Mangled by a gnoll
             ... wielding a +0 halberd
             ... led by a gnoll bouda
              (9 damage)
             ... on level 6 of the Dungeon.
             The game lasted 00:00:33 (5560 turns).

qw the Cleaver (Tengu Warper)                       Turns: 5560, Time: 00:00:34

Health: -8/41      AC: 13    Str: 13    XL:     7   Next: 61%
Magic:  11/11      EV:  8    Int: 14    God:    Okawaru [......]
Gold:   306        SH:  0    Dex: 19    Spells: 10/10 levels left

rFire   . . .      SeeInvis +   Y - +1 hand axe
rCold   . . .      Faith    .   (no shield)
rNeg    . . .      Spirit   .   b - +0 chain mail
rPois   .          Reflect  .   (helmet restricted)
rElec   .          Harm     .   h - +2 cloak
rCorr   .          Rampage  .   j - +0 pair of gloves
Will    .....                   (boots unavailable)
Stlth   ..........              (no amulet)
HPRegen 0.13/turn               c - +6 ring of dexterity
MPRegen 0.12/turn               a - ring of see invisible

@: about to teleport, flying quickly and evasively, quick
A: beak, talons 3, nimble flight
a: Renounce Religion


You were on level 6 of the Dungeon.
You worshipped Okawaru.
Okawaru was noncommittal.
You visited 1 branch of the dungeon, and saw 6 of its levels.

You collected 351 gold pieces.
You spent 45 gold pieces at shops.


Innate Abilities, Weirdness & Mutations

You have a beak for a mouth.
You have claws for feet.
Your magical nature lets you fly swiftly and evasively.


   Skills:
 - Level 3.0 Fighting
 - Level 8.1 Axes
 + Level 1.2 Throwing
 - Level 3.2 Armour
 - Level 2.1 Dodging
 - Level 2.0 Spellcasting
 - Level 2.4 Translocations


You had 10 spell levels left.
You didn't know any spells.
Your spell library contained the following spells:

 Spells                   Type           Power      Damage    Failure   Level
 Blink                    Tloc           16%        N/A       99%         2
 Gell's Gravitas          Tloc           8%         N/A       100%        3
 Lesser Beckoning         Tloc           8%         N/A       100%        3
 Teleport Other           Tloc           8%         N/A       100%        3
 Manifold Assault         Tloc           8%         N/A       100%        5

Inventory:

Hand Weapons
 d - a +0 morningstar
 Y - a +1 hand axe (weapon)
Missiles
 q - a javelin (quivered)
Armour
 b - a +0 chain mail (worn)
 h - a +2 cloak (worn)
 j - a +0 pair of gloves (worn)
Jewellery
 a - a ring of see invisible (right hand)
 c - a +6 ring of dexterity (left hand)
 i - a ring of positive energy
Scrolls
 f - 2 scrolls of identify
 k - a scroll of teleportation
Potions
 e - a potion of curing
 l - 3 potions of heal wounds
 o - 2 potions of might

Dungeon Overview and Level Annotations

Branches:
Dungeon (6/15)
 Temple: D:4-7

Altars:
Ashenzari
Elyvilon
Fedhas
Kikubaaqudgha
Nemelex Xobeh
Okawaru
Uskayaw
Zin
The Shining One

Shops:
D:1 [

Annotations:
D:4 1 transporter, qw's ghost, amateur TeWr


Message History

You peck the shadow, but do no damage. You punch the shadow, but do no damage.
The shadow is lightly damaged.
The gnoll closely misses you.
The shadow slips into darkness.
The shadow flickers and vanishes for a moment.
You hit the shadow but do no damage. You claw the shadow!
The shadow is heavily damaged.
The gnoll hits you from afar with a +0 halberd.
The shadow hits you.
You hit the shadow. Your kick misses the shadow. You peck the shadow.
The shadow is heavily damaged.
The gnoll hits you but does no damage. The shadow closely misses you.
You completely miss the shadow. Your kick misses the shadow.
The shadow is heavily damaged.
The gnoll hits you but does no damage. The shadow hits you.
You closely miss the shadow.
The gnoll shouts!
Your kick misses the shadow. You peck the shadow.
The shadow is severely damaged.
You hear a shout!
The gnoll hits you from afar with a +0 halberd.
The shadow slips into darkness.
The shadow flickers and vanishes for a moment.
You hit the shadow but do no damage. You claw the shadow, but do no damage.
The shadow is severely damaged.
The gnoll hits you from afar with a +0 halberd.
The shadow closely misses you.
You hit the shadow. Your kick misses the shadow.
The shadow is severely damaged.
The shadow hits you! The gnoll closely misses you.
You barely miss the shadow. Your kick misses the shadow.
You peck the shadow, but do no damage.
The shadow is severely damaged.
The shadow hits you! The gnoll barely misses you.
5560 ||| READING 2 scrolls of teleportation.
As you read the scroll of teleportation, it crumbles to dust.
You feel strangely unstable. The shadow hits you.
The gnoll hits you from afar with a +0 halberd!
You die...

#...# ....
...# ...# ...#
#..g ...# #...
...### #...
###W....#
#..^###?@..##
#...#gg.....#
#...........#
#...........##
#............#
#............#
#............#
#.>.........##
#..........##


You could see a shadow and 2 gnolls.

Vanquished Creatures
  An ogre (D:4)
  2 scorpions
  A crimson imp (D:4)
  A jelly (D:5)
  2 orc priests (D:4)
  2 hounds (D:5)
  3 iguanas
  An orc wizard (D:3)
  A gnoll (D:6)
  8 adders
  A shadow imp (D:3)
  An ufetubus (D:5)
  2 worms
  A dart slug (D:4)
  22 orcs
  6 ball pythons
  A bat (D:2)
  5 endoplasms
  A giant cockroach (D:3)
  3 goblins
  4 hobgoblins
  7 jackals
  2 kobolds
  A quokka (D:2)
  2 frilled lizards
  A goblin skeleton (D:4)
  A goblin zombie (D:4)
  A hobgoblin zombie (D:4)
  A kobold skeleton (D:4)
  3 orc skeletons (D:4)
  An orc zombie (D:4)
  6 rats
95 creatures vanquished.

Vanquished Creatures (others)
  A human (D:5)
1 creature vanquished.

Grand Total: 96 creatures vanquished

Notes
Turn   | Place    | Note
-------+----------+-------------------------------------------
     0 | D:1      | qw the Tengu Warper began the quest for the Orb.
     0 | D:1      | Reached XP level 1. HP: 12/12 MP: 4/4
     0 | D:1      | 0 ||| qw: Version: 0.1-a-89-g26bdef1
     0 | D:1      | 0 ||| qw: Game counter: 1523
     0 | D:1      | 0 ||| qw: Always use a shield: true
     0 | D:1      | 0 ||| qw: God list: Okawaru
     0 | D:1      | 0 ||| qw: Allow faded altars: false
     0 | D:1      | 0 ||| qw: Do Orc after D:15 true
     0 | D:1      | 0 ||| qw: Do second Lair branch before Depths: true
     0 | D:1      | 0 ||| qw: Lair rune preference: random
     0 | D:1      | 0 ||| qw: Plans: Normal
     0 | D:1      | 0 ||| PLANNING D:1-11
   238 | D:1      | Found Miaguh's Armour Boutique.
   248 | D:1      | 248 ||| BUYING +0 pair of gloves (45 gold).
   248 | D:1      | Bought a +0 pair of gloves for 45 gold pieces
   248 | D:1      | 248 ||| SHOPLISTING +1 hat of intelligence (160 gold, have
                  | 15).
   248 | D:1      | 248 ||| SHOPLISTING +4 chain mail of fire resistance (315
                  | gold, have 15).
   531 | D:1      | Reached XP level 2. HP: 14/17 MP: 6/6
   723 | D:1      | 723 ||| DROPPING orb of guile.
   724 | D:1      | 724 ||| UPGRADING to +2 cloak.
   729 | D:1      | 729 ||| UPGRADING to +0 pair of gloves.
   734 | D:1      | 734 ||| READING scroll labelled DEDWUS GIL.
   735 | D:1      | 735 ||| READING scroll labelled OZUAKA FAKORIO.
   736 | D:1      | 736 ||| READING 2 scrolls labelled VIUPNACWEH.
   740 | D:1      | 740 ||| READING scroll labelled AHAOSE UFEL.
   741 | D:1      | 741 ||| DRINKING 3 blue potions.
   742 | D:1      | 742 ||| DROPPING scroll of blinking.
   764 | D:2      | Reached skill level 3 in Axes
   782 | D:2      | HP: 4/17 [poisoned by an adder]
   785 | D:2      | HP: 1/17 [poisoned by an adder]
  1361 | D:2      | Reached XP level 3. HP: 19/21 MP: 7/7
  1418 | D:2      | 1418 ||| Stepping ~*~*~tactically~*~*~ (stealth).
  1420 | D:2      | 1420 ||| Stepping ~*~*~tactically~*~*~ (stealth).
  1424 | D:2      | Reached skill level 4 in Axes
  1713 | D:2      | HP: 5/21 [poisoned by an adder]
  2137 | D:2      | 2137 ||| UPGRADING to +0 ring mail.
  2147 | D:2      | 2147 ||| DROPPING +0 leather armour.
  2148 | D:2      | 2148 ||| UPGRADING to amulet of guardian spirit.
  2153 | D:2      | 2153 ||| UPGRADING to +6 ring of dexterity.
  2154 | D:2      | 2154 ||| DROPPING ring of wizardry.
  2155 | D:2      | 2155 ||| READING scroll labelled VUEBOE MUEMNO.
  2156 | D:2      | 2156 ||| READING scroll labelled DUSSUQ TUFIRGH.
  2294 | D:3      | Reached XP level 4. HP: 22/26 MP: 6/8
  2354 | D:3      | 2354 ||| Stepping ~*~*~tactically~*~*~ (stealth).
  2355 | D:3      | 2355 ||| Stepping ~*~*~tactically~*~*~ (stealth).
  2356 | D:3      | 2356 ||| Stepping ~*~*~tactically~*~*~ (stealth).
  2357 | D:3      | 2357 ||| Stepping ~*~*~tactically~*~*~ (stealth).
  2372 | D:3      | Reached skill level 5 in Axes
  2387 | D:3      | HP: 6/26 [iguana (7)]
  2388 | D:3      | 2388 ||| READING 3 scrolls of teleportation.
  2389 | D:3      | 2389 ||| DRINKING 3 potions of heal wounds.
  2401 | D:3      | Gained mutation: Your magical nature lets you fly swiftly
                  | and evasively. [Tengu growth]
  2401 | D:3      | Reached XP level 5. HP: 26/30 MP: 4/9
  2443 | D:3      | 2443 ||| DROPPING +0 club.
  2526 | D:3      | 2526 ||| READING scroll labelled GESUTI KIZ LEQ.
  2527 | D:3      | 2527 ||| DRINKING 2 metallic orange potions.
  2570 | D:3      | 2570 ||| UPGRADING to +0 chain mail.
  2580 | D:3      | 2580 ||| DROPPING +0 ring mail.
  2581 | D:3      | 2581 ||| DRINKING 2 red potions.
  2582 | D:3      | 2582 ||| DROPPING potion of brilliance.
  2583 | D:3      | 2583 ||| READING 2 scrolls of teleportation.
  3392 | D:3      | 3392 ||| READING scroll labelled USITUWIMUSCH.
  3393 | D:3      | 3393 ||| READING scroll of teleportation.
  3549 | D:3      | Identified the +0 hat of Eternity {Fly}
  3551 | D:3      | 3551 ||| DROPPING +0 hat of Eternity {Fly}.
  3552 | D:3      | 3552 ||| UPGRADING to ring of see invisible.
  3700 | D:4      | Found a broken altar of Ashenzari.
  3702 | D:4      | Noticed an ogre
  3715 | D:4      | Killed an ogre
  3716 | D:4      | Reached skill level 6 in Axes
  3716 | D:4      | Reached XP level 6. HP: 14/35 MP: 3/10
  3916 | D:4      | Found a transporter.
  3919 | D:4      | Noticed qw's ghost (amateur TeWr)
  3987 | D:4      | 3987 ||| Stepping ~*~*~tactically~*~*~ (hiding).
  4011 | D:4      | Reached skill level 7 in Axes
  4336 | D:4      | Found a glowing golden altar of the Shining One.
  4337 | D:4      | 4337 ||| Stepping ~*~*~tactically~*~*~ (hiding).
  4368 | D:4      | Reached skill level 3 in Fighting
  4485 | D:4      | Reached skill level 3 in Armour
  4485 | D:4      | Reached XP level 7. HP: 41/41 MP: 11/11
  4740 | D:4      | 4740 ||| Stepping ~*~*~tactically~*~*~ (hiding).
  4761 | D:4      | 4761 ||| READING 4 scrolls of identify.
  4761 | D:4      | 4761 ||| IDENTIFYING fizzy grey potion
  4762 | D:4      | 4762 ||| READING 3 scrolls of identify.
  4762 | D:4      | 4762 ||| IDENTIFYING metallic coppery potion
  4763 | D:4      | 4763 ||| READING 2 scrolls of identify.
  4763 | D:4      | 4763 ||| IDENTIFYING sapphire potion
  4764 | D:4      | 4764 ||| DROPPING potion of lignification.
  4765 | D:4      | 4765 ||| DROPPING potion of magic.
  4788 | D:5      | Entered Level 5 of the Dungeon
  4788 | D:5      | Noticed a human
  4788 | D:5      | Found an ancient bone altar of Kikubaaqudgha.
  4788 | D:5      | Found a white marble altar of Elyvilon.
  4788 | D:5      | Found a blossoming altar of Fedhas.
  4793 | D:5      | Killed a human
  4914 | D:5      | Noticed a +0 short sword
  4914 | D:5      | Noticed a +0 dagger
  4914 | D:5      | Noticed a +0 spear
  4915 | D:5      | Noticed a +0 spear
  4916 | D:5      | Noticed a +0 dagger
  4916 | D:5      | Noticed a +0 short sword
  4916 | D:5      | Noticed a +0 falchion
  4917 | D:5      | Noticed a +0 falchion
  4944 | D:5      | 4944 ||| Stepping ~*~*~tactically~*~*~ (stealth).
  5065 | D:5      | 5065 ||| Stepping ~*~*~tactically~*~*~ (stealth).
  5085 | D:5      | 5085 ||| Stepping ~*~*~tactically~*~*~ (stealth).
  5092 | D:5      | 5092 ||| Stepping ~*~*~tactically~*~*~ (stealth).
  5095 | D:5      | 5095 ||| Stepping ~*~*~tactically~*~*~ (stealth).
  5096 | D:5      | 5096 ||| Stepping ~*~*~tactically~*~*~ (stealth).
  5098 | D:5      | 5098 ||| Stepping ~*~*~tactically~*~*~ (stealth).
  5099 | D:5      | 5099 ||| Stepping ~*~*~tactically~*~*~ (stealth).
  5100 | D:5      | 5100 ||| Stepping ~*~*~tactically~*~*~ (stealth).
  5207 | D:5      | 5207 ||| Stepping ~*~*~tactically~*~*~ (stealth).
  5208 | D:5      | 5208 ||| Stepping ~*~*~tactically~*~*~ (stealth).
  5269 | D:5      | Reached skill level 8 in Axes
  5349 | D:5      | Found a hide-covered altar of Uskayaw.
  5380 | D:5      | Found a glowing silver altar of Zin.
  5382 | D:5      | Found an iron altar of Okawaru.
  5383 | D:5      | Found a sparkling altar of Nemelex Xobeh.
  5390 | D:5      | Became a worshipper of Warmaster Okawaru
  5391 | D:5      | 5391 ||| REMOVING amulet of guardian spirit.
  5396 | D:5      | Identified the +2 robe "Guarheep" {rElec rC+ MP+9}
  5477 | D:5      | 5477 ||| DROPPING amulet of guardian spirit.
  5478 | D:5      | 5478 ||| READING scroll labelled ANUXOZ NIF.
  5479 | D:5      | 5479 ||| READING scroll labelled BONIEZ DERIGH.
  5480 | D:5      | 5480 ||| READING 2 scrolls of identify.
  5480 | D:5      | 5480 ||| IDENTIFYING fizzy golden potion
  5481 | D:5      | 5481 ||| DROPPING potion of invisibility.
  5541 | D:6      | 5541 ||| Stepping ~*~*~tactically~*~*~ (stealth).
  5545 | D:6      | Noticed a shadow
  5559 | D:6      | HP: 1/41 [shadow (10)]
  5560 | D:6      | 5560 ||| READING 2 scrolls of teleportation.
  5560 | D:6      | Mangled by a gnoll

Levels and vault maps discovered:
D:1:      lemuel_arrival_rhombus, layout_loops_cross, serial_shops,
          nicolae_shop_crystal
D:2:      layout_loops_ring
D:3:      layout_basic, chequers_serial_rivers_room_b, minmay_puff
D:4:      layout_gridville, ashenzari_altar_1, nicolae_tso_besieged_by_evil,
          gammafunk_ghost_mausoleum
D:5:      layout_cave_pools, nicolae_uskayaw_en_pointe, tgw_kikubaaqudgha,
          grunt_temple_overflow_open
D:6:      layout_cave_pods, minmay_temple_entry_wispy, uniq_blork_the_orc,
          uniq_edmund

Skill      XL: |  1  2  3  4  5  6  7 |
---------------+----------------------+-----
Axes           | 3 4 5 6 7 8 |  8.1
Armour         | 2 3 |  3.2
Fighting       | 3 |  3.0
Throwing       | |  1.2
Dodging        | |  2.1
Spellcasting   | |  2.0
Translocations | |  2.4

Action                   |  1- 3 |  4- 6 |  7- 9 || total
-------------------------+-------+-------+-------++-------
Melee: Hand axe          |    58 |   160 |    72 ||   290
       Kick              |    10 |    45 |    20 ||    75
       Peck              |     7 |    30 |    26 ||    63
       Punch             |       |     3 |     2 ||     5
Throw: Boomerang         |     7 |       |       ||     7
       Javelin           |       |    10 |     7 ||    17
  Use: Scroll            |     6 |     5 |     7 ||    18
       Potion            |     1 |     3 |       ||     4
Armor: Leather armour    |    20 |       |       ||    20
       Ring mail         |       |    17 |       ||    17
       Chain mail        |       |    63 |    30 ||    93
Dodge: Dodged            |    25 |    50 |    28 ||   103

Table legend:
 A = Non-vault XP
 B = Vault XP
 C = Vault XP percentage of total XP
 D = Non-vault monster count
 E = Vault monster count
 F = Vault count percentage of total count
                 A         B        C        D         E       F
            +---------+---------+-------+---------+---------+-------
      Total |     916 |      60 |   6.1 |      84 |      11 |  11.6
            +---------+---------+-------+---------+---------+-------
        D:1 |      10 |       0 |   0.0 |       6 |       0 |   0.0
        D:2 |      69 |       0 |   0.0 |      14 |       0 |   0.0
        D:3 |     165 |       4 |   2.4 |      32 |       2 |   5.9
        D:4 |     381 |      56 |  12.8 |      17 |       9 |  34.6
        D:5 |     276 |       0 |   0.0 |      14 |       0 |   0.0
        D:6 |      15 |       0 |   0.0 |       1 |       0 |   0.0
            +---------+---------+-------+---------+---------+-------
